 Dungeon Crawl Stone Soup version 0.28-a0-465-ge2dae52223 (webtiles) character file.

Game seed: 10425175359445112241

65578 Rennog the Grappler (level 14, 0/104 HPs)
             Began as a Demonspawn Fighter on Sept 14, 2021.
             Was a High Priest of Hepliaklqana.
             Slain by an entropy weaver simulacrum (7 damage)
             ... on level 15 of the Dungeon.
             The game lasted 00:53:49 (31254 turns).

Rennog the Grappler (Demonspawn Fighter)           Turns: 31254, Time: 00:53:49

Health: 0/104      AC: 14    Str: 25    XL:     14   Next: 76%
Magic:  18/18      EV: 12    Int: 10    God:    Hepliaklqana [*****.]
Gold:   896        SH: 10    Dex: 15    Spells: 13/13 levels left

rFire   + . .      SeeInvis .     - Unarmed
rCold   + + .      Faith    .   c - +0 buckler
rNeg    . . .      Spirit   .   B - +0 plate armour
rPois   .          Reflect  +   (helmet restricted)
rElec   .          Harm     .   p - scarf {rC+ rF+}
rCorr   .          Rampage  .   (gloves unavailable)
Will    +....                   (boots unavailable)
Stlth   ..........              T - amulet of reflection
HPRegen 0.27/turn               Y - +6 ring of strength
MPRegen 0.16/turn               q - ring of protection from cold

@: about to teleport
A: reduced essence, claws 3, horns 2, talons 3, powered by pain 2
a: Renounce Religion, Recall Ancestor, Ancestor Identity, Transference, Idealise


You were on level 15 of the Dungeon.
You worshipped Hepliaklqana.
Hepliaklqana was extremely pleased with you.
You visited 3 branches of the dungeon, and saw 20 of its levels.
You also visited: Ossuary and Gauntlet.

You collected 1011 gold pieces.
You spent 115 gold pieces at shops.

Inventory:

Hand Weapons
 u - the +2 hand axe of Huuxe {freeze, Int+7}
   (You found it on level 14 of the Dungeon)

   It freezes those it strikes, dealing additional cold damage.
   It can also slow down cold-blooded creatures.
   Int:       It affects your intelligence (+7).
 A - a +0 scimitar of flaming
Missiles
 R - 3 throwing nets (quivered)
Armour
 c - a +0 buckler (worn)
 p - a scarf of resistance (worn)
 B - a +0 plate armour (worn)
Jewellery
 n - a ring of magical power
 o - an amulet of guardian spirit
 q - a ring of protection from cold (right claw)
 G - a ring of magical power
 I - an amulet of magic regeneration
 L - the ring "Fapugec" {Fly Int+9 Stlth-}
   (You acquired it on level 8 of the Dungeon)

   [ring of flight]

   Int:       It affects your intelligence (+9).
   Fly:       It grants you flight.
   Stlth:     It makes you less stealthy.
 T - an amulet of reflection (around neck)
 U - a ring of fire
 W - a ring of magical power
 X - a ring of flight
 Y - a +6 ring of strength (left claw)
Wands
 e - a wand of digging (5)
 F - a wand of iceblast (23)
 K - a wand of paralysis (13)
 O - a wand of mindburst (6)
 P - a wand of charming (21)
 Q - a wand of acid (8)
 V - a wand of flame (3)
Scrolls
 h - 4 scrolls of fog
 j - 3 scrolls of amnesia
 k - 5 scrolls of teleportation
 l - 5 scrolls of enchant weapon
 m - 2 scrolls of fear
 v - a scroll of magic mapping
 x - 2 scrolls of vulnerability {unknown}
 y - a scroll of holy word
 D - 2 scrolls of enchant armour
 H - 2 scrolls of brand weapon
 J - a scroll of silence
 M - 2 scrolls of summoning
 N - a scroll of immolation {unknown}
 S - 6 scrolls of identify
Potions
 a - a potion of lignification {unknown}
 b - 2 potions of mutation
 d - 5 potions of might
 f - 6 potions of magic
 i - 6 potions of ambrosia
 r - 3 potions of brilliance
 s - a potion of attraction
 t - 2 potions of resistance {unknown}
 w - 5 potions of heal wounds
 z - 3 potions of flight
 C - 2 potions of haste
 E - 2 potions of cancellation
Miscellaneous
 g - a piece from Xom's chessboard (15/15)


   Skills:
 + Level 12.5 Fighting
 - Level 4.2 Long Blades
 - Level 10.4 Armour
 + Level 10.9 Dodging
 - Level 0.1 Stealth
 - Level 4.2 Shields
 * Level 14.0 Unarmed Combat
 - Level 6.0 Invocations


You had 13 spell levels left.
You didn't know any spells.
Your spell library contained the following spells:

 Spells                   Type           Power      Damage    Failure   Level
 Magic Dart               Conj           0%         1d3       98%         1
 Sandblast                Erth           0%         2d4       98%         1
 Shock                    Conj/Air       0%         1d3       98%         1
 Call Imp                 Summ           0%         N/A       99%         2
 Passwall                 Tmut/Erth      0%         N/A       99%         2
 Slow                     Hex            0%         N/A       99%         2
 Static Discharge         Conj/Air       0%         N/A       99%         2
 Sublimation of Blood     Necr           0%         N/A       99%         2
 Wereblood                Tmut           0%         N/A       99%         2
 Confusing Touch          Hex            0%         N/A       100%        3
 Dazzling Flash           Conj/Hex       0%         N/A       100%        3
 Mephitic Cloud           Conj/Pois/Air  0%         N/A       100%        3
 Stone Arrow              Conj/Erth      0%         3d7       100%        3
 Animate Dead             Necr           0%         N/A       100%        4
 Hailstorm                Conj/Ice       0%         3d3       100%        4
 Ice Form                 Ice/Tmut       0%         N/A       100%        4
 Iskenderun's Mystic Bla  Conj/Tloc      0%         2d3       100%        4
 Petrify                  Tmut/Erth      0%         N/A       100%        4
 Borgnjor's Vile Clutch   Necr/Erth      0%         N/A       100%        5
 Freezing Cloud           Conj/Ice/Air   0%         6-21      100%        5
 Metabolic Englaciation   Hex/Ice        0%         N/A       100%        5
 Yara's Violent Unravell  Hex/Tmut       0%         3d3       100%        5
 Death Channel            Necr           0%         N/A       100%        6
 Iron Shot                Conj/Erth      0%         9d1       100%        6
 Simulacrum               Ice/Necr       0%         N/A       100%        6
 Starburst                Conj/Fire      0%         6d3       100%        6
 Statue Form              Tmut/Erth      0%         N/A       100%        6
 Summon Hydra             Summ           0%         N/A       100%        7
 Polar Vortex             Ice            0%         N/A       100%        9


Dungeon Overview and Level Annotations

Branches:
Dungeon (15/15)            Temple (1/1) D:5            Lair (4/6) D:8
  Swamp (0/4) Lair:2          Orc (0/2) D:11         Vaults (0/5) D:13
Ossuary (visited)         Gauntlet (visited)
  Snake: Lair:2-4    Spider: Lair:2-4    Depths: D:15

Altars:
Ashenzari
Cheibriados
Dithmenos
Elyvilon
Fedhas
Gozag
Hepliaklqana
Kikubaaqudgha
Makhleb
Nemelex Xobeh
Okawaru
Qazlal
Ru
Sif Muna
Trog
Uskayaw
Vehumet
Wu Jian
Xom
Yredelemnul
Zin
The Shining One
Beogh
Lugonu

Shops:
D:4 ?   D:6 [

Portals:
Ice
Cave: D:15

Annotations:
D:7 1 runed translucent door, Rennog's ghost, amateur FoFi
Lair:3 Snorg


Innate Abilities, Weirdness & Mutations

Your life essence is reduced to manifest your ancestor. (-10% HP)
You have claws for hands.
You have a pair of horns on your head.
You have claws for feet.
You sometimes gain power by taking damage.


Message History

The entropy weaver simulacrum freezes you!
You resist.
The entropy weaver simulacrum hits you but does no damage.
The skeletal warrior hits you but does no damage.
There is a stone staircase leading up, spattered with blood here.
As you read the scroll of teleportation, it crumbles to dust.
You feel strangely unstable.
The anaconda simulacrum bites Hrodulf.
The anaconda simulacrum freezes Hrodulf!
Hrodulf resists.
Hrodulf is destroyed!
The spriggan defender simulacrum hits you.
The spriggan defender simulacrum freezes you!
You resist.
* * * LOW HITPOINT WARNING * * *
The red ugly thing barely misses you.
You block the entropy weaver simulacrum's attack.
The entropy weaver simulacrum hits you!
* * * LOW HITPOINT WARNING * * *
The entropy weaver simulacrum freezes you!
You resist.
* * * LOW HITPOINT WARNING * * *
The entropy weaver simulacrum barely misses you.
The entropy weaver simulacrum hits you but does no damage.
The skeletal warrior closely misses you.
You feel much better.
You block the spriggan defender simulacrum's attack.
The anaconda simulacrum barely misses you.
The anaconda simulacrum bites you. The anaconda simulacrum freezes you.
You resist. You block the red ugly thing's attack.
The spriggan defender simulacrum hits you.
The spriggan defender simulacrum freezes you!
You resist.
* * * LOW HITPOINT WARNING * * *
The skeletal warrior barely misses you. The entropy weaver simulacrum hits you!
* * * LOW HITPOINT WARNING * * *
The entropy weaver simulacrum freezes you!
You resist.
* * * LOW HITPOINT WARNING * * *
The entropy weaver simulacrum hits you!
You die...

.. .... .#
.... .
...##
#.#...#
.#...#
.z[.###..
#uz......
#@ZZ.....
#Zuu......
#.ZZZZ.....
#..Z.......
#..........
#..∩.......
#........[.
...........


You could see 3 ugly things, 2 skeletal warriors, an anaconda simulacrum, a
lindwurm simulacrum, 2 spriggan defender simulacra, 2 minotaur simulacra and 2
entropy weaver simulacra.

Vanquished Creatures
  2 boulder beetles
  Harold (Lair:2)
  An ice dragon (D:13)
  4 vault guards (D:13)
  3 centaur warriors
  5 hydras
  3 two-headed ogres
  2 tengu warriors
  Sonja (Lair:2)
  A skeletal warrior (D:12)
  A flayed ghost (D:14)
  A lindwurm (Lair:1)
  5 deep elf pyromancers
  4 cyclopes
  8 ugly things (D:14)
  3 manticores (D:12)
  A moth of wrath (shapeshifter) (Gauntlet)
  3 black mambas
  3 gargoyles
  An unseen horror (D:12)
  5 cane toads
  4 komodo dragons
  A kobold demonologist (D:11)
  A queen bee (D:11)
  2 trolls
  3 polar bears
  A burning bush (Lair:2)
  A polar bear (shapeshifter) (D:12)
  Prince Ribbit (D:7)
  A wolf spider simulacrum (D:12)
  3 blink frogs
  3 tyrant leeches (Lair:2)
  11 slime creatures
  Sigmund (D:3)
  7 wraiths
  36 yaks
  18 fire bats (D:14)
  2 wyverns
  3 shadows
  2 vampires
  4 water elementals (D:14)
  3 basilisks
  5 vampire mosquitoes
  A steam dragon (Gauntlet)
  3 swamp worms (Lair:2)
  An acid dragon (D:9)
  8 water moccasins
  A sky beast (D:6)
  2 ice beasts (D:6)
  A hornet zombie (Ossuary)
  2 black bears
  2 orc warriors
  A necrophage (D:4)
  2 ogres
  9 centaurs
  5 wolves (Lair:3)
  4 kobold brigands
  2 phantoms
  5 bullfrogs
  4 scorpions
  A gnoll sergeant (D:6)
  4 wyvern zombies
  14 killer bees
  An electric eel (Lair:1)
  11 wights
  7 howler monkeys
  3 centaur zombies
  4 bullfrog zombies (Ossuary)
  8 hounds
  2 bullfrog skeletons
  3 orc priests
  A centaur skeleton (D:7)
  A hexer (D:9)
  11 orc wizards
  2 killer bee zombies
  A hound skeleton (D:5)
  3 howler monkey zombies
  14 mummies (Ossuary)
  8 adders
  5 gnolls
  A howler monkey skeleton (D:6)
  A white imp (D:7)
  An ufetubus (D:4)
  An adder skeleton (D:4)
  A worm (D:3)
  A worm (shapeshifter) (Gauntlet)
  3 dart slugs
  28 orcs
  2 endoplasms
  2 giant cockroaches
  3 goblins
  10 hobgoblins
  19 kobolds
  5 quokkas
  9 ball pythons
  80 bats
  7 frilled lizards
  6 rats
  A spectral kobold (D:3)
509 creatures vanquished.

Vanquished Creatures (collateral kills)
  3 hydras
  A centaur warrior (D:13)
  A tengu warrior (D:14)
  Erica (Lair:1)
  2 slime creatures (D:13)
  2 ugly things
  A manticore (D:13)
  A cyclops (D:13)
  2 black mambas (Lair:4)
  3 cane toads
  An unseen horror (shapeshifter) (Gauntlet)
  A kobold demonologist (D:11)
  3 rime drakes
  A jumping spider (shapeshifter) (D:13)
  A hornet (D:9)
  A troll (D:9)
  A raiju (Gauntlet)
  A blink frog (Lair:1)
  2 fire bats (D:14)
  2 shadows
  A wyvern (D:7)
  A vampire mosquito (D:14)
  2 bullfrogs
  7 killer bees
  An electric eel (Lair:1)
  A howler monkey (D:10)
  An orc priest (D:11)
  3 orc wizards (D:10)
  A gnoll (D:8)
  4 orcs
  7 bats (D:14)
  4 kobolds
  A bush (Lair:2)
65 creatures vanquished.

Vanquished Creatures (others)
  15 hexers
  4 demonic plants (Gauntlet)
  5 fungi
  16 plants
  8 withered plants (Ossuary)
48 creatures vanquished.

Grand Total: 622 creatures vanquished

Notes
Turn   | Place    | Note
-------+----------+-------------------------------------------
     0 | D:1      | Rennog the Demonspawn Fighter began the quest for the Orb.
     0 | D:1      | Reached XP level 1. HP: 18/18 MP: 1/1
   258 | D:1      | Gained mutation: You have a pair of small horns on your
                  | head. [demonic ancestry]
   258 | D:1      | Reached XP level 2. HP: 24/24 MP: 2/2
   829 | D:2      | Found a shimmering blue altar of Sif Muna.
   837 | D:2      | Gained mutation: You sometimes gain a little power by
                  | taking damage. [demonic ancestry]
   837 | D:2      | Reached XP level 3. HP: 23/29 MP: 3/3
  1297 | D:2      | Gained mutation: You have sharp toenails. [demonic
                  | ancestry]
  1297 | D:2      | Reached XP level 4. HP: 19/35 MP: 4/4
  1686 | D:3      | Found a bloodstained altar of Trog.
  1896 | D:3      | Noticed Sigmund
  2023 | D:3      | Found a faded altar of an unknown god.
  2173 | D:4      | Reached XP level 5. HP: 40/41 MP: 5/5
  2215 | D:4      | Found Digeix's Magic Scroll Boutique.
  2225 | D:4      | Noticed a necrophage
  2333 | D:4      | Killed a necrophage
  2334 | D:4      | Reached skill level 1 in Dodging
  2416 | D:4      | Gained mutation: You have sharp fingernails. [demonic
                  | ancestry]
  2416 | D:4      | Reached XP level 6. HP: 45/48 MP: 6/6
  2562 | D:4      | Noticed an Executioner
  2563 | D:4      | Found a burning altar of Makhleb.
  2567 | D:4      | Noticed an angel
  2900 | D:4      | Bought a scroll of teleportation for 33 gold pieces
  2900 | D:4      | Bought a scroll of blinking for 82 gold pieces
  3044 | D:3      | Killed Sigmund
  3045 | D:3      | Gained mutation: You have razor-sharp toenails. [demonic
                  | ancestry]
  3045 | D:3      | Reached XP level 7. HP: 33/55 MP: 7/7
  3579 | D:5      | Entered Level 5 of the Dungeon
  3635 | D:5      | Reached skill level 5 in Fighting
  3658 | D:5      | Found a sand-covered staircase.
  3663 | Ossuary  | Entered an ossuary
  3811 | Ossuary  | Gained mutation: You have very sharp fingernails. [demonic
                  | ancestry]
  3811 | Ossuary  | Reached XP level 8. HP: 28/63 MP: 8/8
  3864 | Ossuary  | Reached skill level 1 in Unarmed Combat
  3951 | Ossuary  | Reached skill level 2 in Unarmed Combat
  4149 | Ossuary  | Reached skill level 3 in Unarmed Combat
  4362 | Ossuary  | Reached skill level 4 in Unarmed Combat
  5184 | D:5      | Reached skill level 5 in Unarmed Combat
  5525 | D:5      | Found a staircase to the Ecumenical Temple.
  5591 | Temple   | Entered the Ecumenical Temple
  5889 | D:6      | Reached skill level 6 in Unarmed Combat
  5902 | D:6      | Reached XP level 9. HP: 59/69 MP: 9/9
  6058 | D:6      | Found a basalt altar of Yredelemnul.
  6366 | D:6      | Reached skill level 7 in Unarmed Combat
  6714 | D:6      | Found Yfefotao's Antique Armour Shoppe.
  7115 | D:3      | Became a worshipper of Hepliaklqana the Forgotten
  7115 | D:3      | Reached * piety under Hepliaklqana
  7249 | D:7      | Found a stormy altar of Qazlal.
  7723 | D:7      | Noticed Prince Ribbit
  7725 | D:7      | Found a shimmering altar of Xom.
  7725 | D:7      | Noticed Rennog's ghost (amateur FoFi)
  7726 | D:7      | Noticed a +0 rapier of chaos
  7730 | D:7      | Killed Prince Ribbit
  7731 | D:7      | Reached skill level 8 in Unarmed Combat
  7802 | D:7      | Found a runed translucent door.
  8080 | D:7      | Reached skill level 9 in Unarmed Combat
  8179 | D:7      | Reached ** piety under Hepliaklqana
  8180 | D:7      | Remembered your ancestor Hrodulf as a hexer
  8567 | D:7      | Found a hide-covered altar of Uskayaw.
  9287 | D:8      | Found an ancient bone altar of Kikubaaqudgha.
  9287 | D:8      | Found a sacrificial altar of Ru.
  9289 | D:8      | Found a blossoming altar of Fedhas.
  9336 | D:8      | Noticed a boulder beetle
  9660 | D:8      | Reached XP level 10. HP: 68/68 MP: 10/10
  9770 | D:8      | Found a staircase to the Lair.
  9821 | D:8      | Killed a boulder beetle
  9822 | D:8      | Reached skill level 10 in Unarmed Combat
 10164 | D:8      | Found an opulent altar of Gozag.
 10390 | D:9      | Paralysed by a hornet for 2 turns
 10628 | D:9      | Noticed a deep elf pyromancer
 10833 | D:9      | Killed a deep elf pyromancer
 10834 | D:9      | Reached skill level 11 in Unarmed Combat
 11339 | D:9      | Noticed a two-headed ogre
 11347 | D:9      | Killed a two-headed ogre
 11348 | D:9      | Reached skill level 12 in Unarmed Combat
 11587 | D:10     | Entered Level 10 of the Dungeon
 11642 | D:10     | Found a hazy altar of Hepliaklqana.
 11660 | D:10     | Reached skill level 5 in Armour
 11735 | D:10     | Gained mutation: You have claws for hands. [demonic
                  | ancestry]
 11735 | D:10     | Reached XP level 11. HP: 69/72 MP: 11/11
 11783 | D:10     | Found a shadowy altar of Dithmenos.
 11955 | D:10     | Found an iron altar of Okawaru.
 11957 | D:10     | Reached *** piety under Hepliaklqana
 12037 | D:10     | Noticed a centaur warrior
 12464 | D:11     | Noticed a seven-headed hydra
 12850 | D:10     | Killed a centaur warrior
 13176 | D:10     | Found a shimmering blue altar of Sif Muna.
 13292 | Lair:1   | Entered Level 1 of the Lair of Beasts
 13427 | Lair:1   | Reached skill level 5 in Dodging
 13771 | Lair:1   | Noticed Erica
 14056 | D:8      | Identified a scroll of acquirement
 14057 | D:8      | Acquired the ring "Fapugec" {Fly Int+9 Stlth-}
 14086 | Lair:1   | Killed Erica
 14864 | Lair:1   | Noticed a lindwurm
 14874 | Lair:1   | Killed a lindwurm
 14899 | Lair:2   | Noticed Sonja
 14945 | Lair:2   | Reached **** piety under Hepliaklqana
 15727 | Lair:2   | Killed Sonja
 15728 | Lair:2   | Gained mutation: You have claws for feet. [demonic
                  | ancestry]
 15728 | Lair:2   | Reached XP level 12. HP: 39/84 MP: 12/12
 16182 | Lair:2   | Noticed Harold
 16202 | Lair:2   | Killed Harold
 16817 | Lair:2   | Found a staircase to the Swamp.
 17378 | Lair:2   | Noticed a five-headed hydra
 17391 | Lair:2   | Killed a three-headed hydra
 18035 | Lair:3   | Noticed Snorg
 18300 | Lair:3   | Noticed an eight-headed hydra
 18307 | Lair:3   | Killed a five-headed hydra
 18596 | Lair:3   | Noticed a five-headed hydra
 18603 | Lair:3   | Killed a two-headed hydra
 18604 | Lair:3   | Reached skill level 10 in Fighting
 19206 | Lair:3   | Reached ***** piety under Hepliaklqana
 19449 | Lair:4   | Reached skill level 1 in Invocations
 19787 | Lair:3   | Gained mutation: You sometimes gain power by taking damage.
                  | [demonic ancestry]
 19787 | Lair:3   | Reached XP level 13. HP: 31/92 MP: 14/14
 21218 | D:11     | Found a staircase to the Orcish Mines.
 21790 | D:12     | Found a gate leading to a gauntlet.
 21847 | Gauntlet | Entered a Gauntlet
 21847 | Gauntlet | Found a transporter.
 21847 | Gauntlet | Found a transporter.
 22266 | Gauntlet | Found a transporter.
 22270 | Gauntlet | Found a transporter.
 22282 | Gauntlet | Found a transporter.
 22283 | Gauntlet | Found a transporter.
 22288 | Gauntlet | Found a runed translucent gate.
 22290 | Gauntlet | Found a transporter.
 22291 | Gauntlet | Found a runed translucent gate.
 22292 | Gauntlet | Found a runed translucent gate.
 22306 | Gauntlet | Found a transporter.
 22324 | Gauntlet | Found a transporter.
 22325 | Gauntlet | Found a transporter.
 22333 | Gauntlet | Found a transporter.
 22442 | Gauntlet | Found a transporter.
 22452 | Gauntlet | Reached skill level 5 in Invocations
 22637 | Gauntlet | Upgraded the game from 0.28-a0-461-g2dc4ca5097 to
                  | 0.28-a0-465-ge2dae52223
 22657 | Gauntlet | Noticed a minotaur
 23253 | D:12     | Reached skill level 10 in Armour
 25419 | D:13     | Found a gate to the Vaults.
 26547 | D:13     | Reached skill level 10 in Dodging
 26547 | D:13     | Gained mutation: You have a pair of horns on your head.
                  | [demonic ancestry]
 26547 | D:13     | Reached XP level 14. HP: 53/101 MP: 18/18
 27331 | D:13     | Found a broken altar of Ashenzari.
 27388 | D:13     | Reached skill level 13 in Unarmed Combat
 29558 | D:14     | Identified the +8 long sword "Refricvu" {holy, Fly}
 29874 | D:14     | Found a runed translucent door.
 29911 | D:14     | Found a stormy altar of Qazlal.
 29981 | D:14     | Found a broken altar of Ashenzari.
 30305 | D:14     | Found a radiant altar of Vehumet.
 30370 | D:14     | Found a blossoming altar of Fedhas.
 30471 | D:14     | Got Sif Muna's Collected Works on Excruciating Feathers
 30472 | D:14     | Identified the +2 hand axe of Huuxe {freeze, Int+7}
 31220 | D:15     | Entered Level 15 of the Dungeon
 31220 | D:15     | Found a frozen archway.
 31230 | D:14     | Reached skill level 14 in Unarmed Combat
 31254 | D:15     | Slain by an entropy weaver simulacrum

Illustrated notes

Levels and vault maps discovered:
D:1:      grunt_arrival_crossed_arrows, layout_loops_cross
D:2:      layout_loops_ring, serial_aquarium, aquarium_bridge_long_joined
          [aquarium_subvault_wall, aquarium_subvault_wall,
          aquarium_subvault_wall, aquarium_subvault_wall,
          aquarium_subvault_bridge, aquarium_subvault_bridge],
          aquarium_window_2, aquarium_window_fake, aquarium_view_2g,
          aquarium_view_2e, aquarium_pool_2, basic_altar, minmay_domino_4
D:3:      layout_loops_ring, lightli_temple_of_fire, serial_rivers,
          chequers_serial_rivers_micro_d, chequers_serial_rivers_large_b,
          chequers_serial_rivers_room_b, chequers_serial_rivers_small_a,
          chequers_serial_rivers_micro_e,
          dreamdust_ecumenical_altar_drowned_temple, uniq_sigmund
D:4:      layout_cave_pools, grunt_temple_overflow_order_and_chaos_2, tso_altar,
          nicolae_inconvenience_store
D:5:      layout_loops_corners, minmay_temple_entry_wispy, enter_ossuary_2,
          moated_statue, minmay_misc_feat_tiny
D:6:      layout_basic, lemuel_round_altar, serial_shops, kennysheep_mini_moat,
          grunt_ministairs_13
D:7:      layout_layer_cave, overflow_temple_1_default,
          chequers_temple_overflow_statue_of_worship, ebering_ghost_xom,
          uniq_prince_ribbit1
D:8:      layout_loops_ring, mainiacjoe_overflow_six_doors_small,
          grunt_temple_overflow_open, lair_entry_dummy
D:9:      layout_roguey, serial_curves, eino_curves_04, eino_curves_04,
          eino_curves_02
D:10:     layout_small_grid, nicolae_dithmenos_through_a_glass_darkly,
          mainiacjoe_overflow_catwalk_spiral, kennysheep_orc_sif_temple,
          chequers_arboretum
D:11:     layout_basic, minmay_orc_entry_temple_small, special_room
          [special_room_bee]
D:12:     minmay_the_grid_plus_closed [minmay_the_grid_minigrid_small_alt,
          minmay_the_grid_all_tris, minmay_the_grid_outer_circle,
          minmay_the_grid_expand, minmay_the_grid_prize_shrinking_boxes],
          layout_loops_ring, gauntlet_entry_generic
D:13:     layout_stronghold, lightli_vaults_fourway_checkpoint,
          nicolae_ashenzari_skybound
D:14:     due_megacathedral, layout_long_grid, moated_statue,
          nicolae_underground_beach
D:15:     grunt_enter_depths_snipers, layout_rooms,
          portal_ice_cave_entry_ice_simulacra, minmay_hedge_maze, serial_shops,
          shop, nicolae_shop_crystal, shop_statue, nicolae_shop_crystal
Temple:   corrupted_temple
Lair:1:   layout_loops_ring, minivault_25, minmay_holes, serial_bayou_shore_a,
          grunt_megastairs_4, infiniplex_staircase_pool, uniq_erica
Lair:2:   layout_regular_city, minmay_swamp_entry_worms, evilmike_ambush
          [evilmike_ambush_outer_basic, evilmike_ambush_inner_basic],
          uniq_harold, uniq_sonja
Lair:3:   beast_lair_carwin_large_3, layout_gridlike, cheibrodos_lair_lostbears,
          lemuel_fruit_tree, uniq_snorg
Lair:4:   layout_roguey, dummy_spider_entry, serial_bayou_pond_b, uniq_kirke

Skill      XL: |  1  2  3  4  5  6  7  8  9 10 11 12 13 14 |
---------------+-------------------------------------------+-----
Armour         | 3 4 5 7 9 10 | 10.4
Long Blades    | 2 3 4 |  4.2
Shields        | 3 4 |  4.2
Dodging        | 1 2 3 6 8 10 | 10.9
Fighting       | 4 5 8 10 11 12 | 12.5
Unarmed Combat | 6 9 12 14 | 14.0
Invocations    | 1 6 |  6.0
Stealth        | |  0.1

Action                   |  1- 3 |  4- 6 |  7- 9 | 10-12 | 13-15 || total
-------------------------+-------+-------+-------+-------+-------++-------
Melee: Long sword        |   111 |   139 |   194 |       |     3 ||   447
       Headbutt          |    14 |    21 |    82 |    95 |   162 ||   374
       Kick              |       |    26 |   138 |   149 |   232 ||   545
       Unarmed           |       |       |   217 |   464 |   572 ||  1253
       Scimitar          |       |       |       |    10 |    93 ||   103
Invok: Ancestor Life: He |       |       |     1 |       |       ||     1
       Recall Ancestor   |       |       |       |     1 |     4 ||     5
Evoke: Wand              |       |       |       |       |     6 ||     6
  Use: Scroll            |       |       |       |    25 |     4 ||    29
       Potion            |       |       |       |     9 |     3 ||    12
 Stab: Confused          |       |       |     3 |     4 |     9 ||    16
       Distracted        |       |       |       |     4 |    10 ||    14
Armor: Scale mail        |    64 |    66 |       |       |       ||   130
       Chain mail        |       |     4 |    74 |       |       ||    78
       Plate armour      |       |       |   113 |   205 |   311 ||   629
Dodge: Dodged            |    62 |    62 |   107 |   129 |   229 ||   589
Block: Buckler           |    38 |    24 |    70 |   123 |   345 ||   600
       Reflection        |       |       |       |       |    18 ||    18

Table legend: (Time is in decaauts)
 A = Elapsed time spent in this place.
 B = Non-inter-level travel time spent in this place.
 C = Inter-level travel time spent in this place.
 D = Time resting spent in this place.
 E = Time spent auto-exploring this place.
 F = Levels seen in this place.
 G = Mean time per level.
                   A        B        C        D        E       F      G
               +--------+--------+--------+--------+--------+-----+--------+
         Total |  31250 |  29572 |   1678 |   5200 |  20058 |  22 | 1420.5 |
       Dungeon |  22698 |  21318 |   1380 |   2949 |  15382 |  15 | 1513.2 |
        Temple |     38 |      8 |     30 |      0 |      5 |   1 |   38.0 |
          Lair |   6552 |   6285 |    267 |   1831 |   3737 |   4 | 1638.0 |
       Ossuary |   1130 |   1130 |      0 |      0 |    838 |   1 | 1130.0 |
      Gauntlet |    830 |    830 |      0 |    420 |     95 |   1 |  830.0 |
               +--------+--------+--------+--------+--------+-----+--------+

Top non-repeatable levels by time:
    D:13: 3269 daAuts
    D:12: 2997 daAuts
  Lair:1: 2819 daAuts
    D:14: 2458 daAuts
     D:8: 1917 daAuts
  Lair:2: 1806 daAuts
    D:10: 1642 daAuts
     D:7: 1604 daAuts
  Lair:3: 1589 daAuts
    D:11: 1411 daAuts
     D:6: 1299 daAuts
     D:9: 1191 daAuts
     D:5: 1152 daAuts
 Ossuary: 1130 daAuts
     D:2: 1049 daAuts
